 Dungeon Crawl Stone Soup version 0.31-a0-7-g51783674b7 (webtiles) character file.

Game seed: 13424330715894715746

2 jimonade the Sneak (level 1, 0/13 HPs)
             Began as a Kobold Brigand on May 6, 2023.
             Slain by a gnoll
             ... wielding a +0 flail
              (6 damage)
             ... on level 1 of the Dungeon.
             The game lasted 00:00:24 (65 turns).

jimonade the Sneak (Kobold Brigand)                   Turns: 65, Time: 00:00:24

Health: 0/13       AC:  3    Str:  8    XL:     1   Next: 33%
Magic:  1/1        EV: 14    Int: 12    God:
Gold:   0          SH:  0    Dex: 16    Spells: 0/0 levels left

rFire   . . .        a - +2 dagger
rCold   . . .        (no shield)
rNeg    . . .        b - +0 robe
rPois   .            (no helmet)
rElec   .            c - +0 cloak
rCorr   .            (no gloves)
SInv    .            (no boots)
Will    .....        (no amulet)
Stlth   ++++         (no ring)
HPRegen 0.22/turn    (no ring)
MPRegen 0.07/turn

%: no passive effects
@: no status effects
A: small, no large weapons, nightstalker 3
a: no special abilities


You were on level 1 of the Dungeon.
You visited 1 branch of the dungeon, and saw 1 of its levels.

Inventory:

Hand Weapons
 a - a +2 dagger (weapon)
 g - a +0 mace of draining
Missiles
 d - 9 poisoned darts (quivered)
 e - 3 curare-tipped darts
Armour
 b - a +0 robe (worn)
 c - a +0 cloak (worn)
Scrolls
 f - a scroll of vulnerability {unknown}


   Skills:
 + Level 2.3 Fighting
 + Level 2.6 Short Blades
 + Level 2.1 Throwing
 + Level 1.2 Dodging
 + Level 5.3 Stealth


You couldn't memorise any spells.
You didn't know any spells.
Your spell library was empty.

Dungeon Overview and Level Annotations

Branches:
Dungeon (1/15)

Altars:

Shops:
D:1 !


Innate Abilities, Weirdness & Mutations

You are small and have problems with some larger weapons.
You are completely attuned to the shadows.


Message History

Press ? for a list of commands and other information.
Found a staircase leading out of the dungeon.
f - a scroll labelled ODUAS GABACWE You open the gate.
There is an open gate here.
Found 2 stones.
You see here a +0 mace of draining.
g - a +0 mace of draining You see here 2 stones.
Found Xishocorch's Distillery.
You enter the shallow water.
Moving in this stuff is going to be slow.
There is an entrance to Xishocorch's Distillery here.
You can access your shopping list by pressing '$'.
You enter the shallow water.
Moving in this stuff is going to be slow.
A ball python comes into view.
A ball python is nearby!
A kobold and a gnoll come into view.
The helpless ball python fails to defend itself.
You impale the ball python!!
You kill the ball python!
Found a glowing amethyst potion.
You see here a ball python corpse.
The helpless kobold fails to defend itself.
You impale the kobold!!
You kill the kobold!
You hit the gnoll.
The gnoll is lightly wounded.
The gnoll closely misses you.
You hit the gnoll.
The gnoll is moderately wounded.
The gnoll hits you with a +0 flail!
Ouch! That really hurt!
You are too injured to fight recklessly!
You are too injured to fight recklessly!
You hit the gnoll.
The gnoll is heavily wounded.
The gnoll hits you with a +0 flail.
You die...

#!#.#..# .#...#..#
#........# #......).#
#...g@†..# #.....###
#.....# ##.#### ##
######.########## ###.
#.......#..(....# ###...
#......#..###.######.....
#..≈~≈....# #.#.'.......#
#..≈∩≈.#.## #...'.....###


You could see a gnoll.

Vanquished Creatures
  A kobold (D:1)
  A ball python (D:1)
2 creatures vanquished.

Notes
Turn   | Place    | Note
-------+----------+-------------------------------------------
     0 | D:1      | jimonade the Kobold Brigand began the quest for the Orb.
     0 | D:1      | Reached XP level 1. HP: 12/12 MP: 1/1
    47 | D:1      | Found Xishocorch's Distillery.
    65 | D:1      | Slain by a gnoll

Illustrated notes

Levels and vault maps discovered:
D:1:      lemuel_arrival_funnel, layout_loops_cross, serial_shops,
          nicolae_shop_industrial_runoff, shop,
          nicolae_shop_pleasant_corner_grove, nicolae_shop_trees,
          ebering_ecumenical_altar_hall, ebering_dispersal_statue_hall,
          kennysheep_another_room

Action                     || total
---------------------------++-------
  Melee: Dagger            ||     5
   Stab: Sleeping          ||     2
  Dodge: Dodged            ||     1

Table legend: (Time is in decaauts)
 A = Elapsed time spent in this place.
 B = Non-inter-level travel time spent in this place.
 C = Inter-level travel time spent in this place.
 D = Time resting spent in this place.
 E = Time spent auto-exploring this place.
 F = Levels seen in this place.
 G = Mean time per level.
                   A        B        C        D        E       F      G
               +--------+--------+--------+--------+--------+-----+--------+
         Total |     65 |     65 |      0 |      0 |     50 |   1 |   65.0 |
       Dungeon |     65 |     65 |      0 |      0 |     50 |   1 |   65.0 |
               +--------+--------+--------+--------+--------+-----+--------+

Top non-repeatable levels by time:
     D:1: 65 daAuts
